 Dungeon Crawl Stone Soup version 0.20.1-1-g8b1a95d (webtiles) character file.

187 HammerPanzer the Cudgeler (level 5, 42/42 HPs)
             Began as a Minotaur Gladiator on Oct 25, 2017.
             Quit the game on level 3 of the Dungeon.
             The game lasted 00:10:45 (2223 turns).

HammerPanzer the Cudgeler (Minotaur Gladiator)      Turns: 2223, Time: 00:10:45

Health: 42/42      AC:  6    Str: 19    XL:     5   Next: 39%
Magic:  4/4        EV: 11    Int:  6    God:
Gold:   111        SH:  0    Dex: 11    Spells: 4/4 levels left

rFire    . . .     SeeInvis .   a - +0 flail
rCold    . . .     Gourm    .   (no shield)
rNeg     . . .     Faith    .   k - +0 scale mail
rPois    .         Spirit   .   c - +0 hat
rElec    .         Reflect  .   (no cloak)
rCorr    .         Harm     .   (no gloves)
MR       .....                  (no boots)
Stlth    ..........             r - amulet of magic regeneration
Regen    0.2/turn               (no ring)
MPRegen  0.2/turn               (no ring)

@: no status effects
A: retaliatory headbutt, horns 2
a: no special abilities


You were on level 3 of the Dungeon.
You were not hungry.

You visited 1 branch of the dungeon, and saw 3 of its levels.

You collected 111 gold pieces.

Inventory:

Hand Weapons
 a - a +0 flail (weapon)
Missiles
 d - 3 throwing nets (quivered)
Armour
 c - a +0 hat (worn)
 k - a +0 scale mail (worn)
Jewellery
 r - an amulet of magic regeneration (around neck)
Scrolls
 h - 2 scrolls of remove curse
 u - a scroll of teleportation
Potions
 b - a potion of curing {unknown}
 e - a potion of ambrosia {unknown}
 g - a potion of mutation {unknown}
 i - a potion of agility {unknown}
 l - a potion of lignification {unknown}
 o - 2 potions of heal wounds
 q - a potion of cancellation {unknown}
 s - a potion of haste {unknown}
 t - 2 potions of degeneration {unknown}
Comestibles
 f - 3 bread rations
 j - a meat ration
 m - 3 fruits
 n - a royal jelly
 p - 2 chunks of flesh


   Skills:
 - Level 2.4 Fighting
 * Level 6.4 Maces & Flails
 - Level 2.0 Throwing
 + Level 2.5 Armour
 + Level 3.8 Dodging
 + Level 0.1 Stealth


You had 4 spell levels left.
You didn't know any spells.

Dungeon Overview and Level Annotations

Branches:
Dungeon (3/15)

Altars:
Fedhas
Uskayaw
Vehumet
Xom


Innate Abilities, Weirdness & Mutations

You reflexively headbutt those who attack you in melee.
You have a pair of horns on your head.


Message History

a leather armour; a hand axe; a mace; a leather armour; an orc corpse You butcher the orc corpse.
p - 2 chunks of flesh
Items here: )) [[ a leather armour; a hand axe; a mace; a leather armour
Okay, then.
There isn't anything to butcher here.
t - 2 yellow potions
u - a scroll of teleportation
Found a falchion.
A goblin comes into view. It is wielding a club.
The goblin shouts!
You open the door.
You found a teleport trap!
You closely miss the goblin. The goblin barely misses you.
You furiously retaliate!
You headbutt the goblin. You thump the goblin!
You kill the goblin!
You see here a club.
Unknown command.
Are you sure you want to abandon this character and quit the game? (Confirm with "yes".)

..##...........#.#
..##...........#.#
## #...........#^#
#...........#.#
#...........#'###
#...............#
...............#
..............#
...........@..#
..............#
#########....#
#..).# #....#
#....# ##+###


There were no monsters in sight!

Vanquished Creatures
  An ogre (D:3)
  2 adders (D:2)
  A worm (D:2)
  4 dart slugs
  A leopard gecko (D:2)
  6 orcs (D:3)
  2 giant cockroaches (D:1)
  11 goblins
  2 hobgoblins
  8 jackals
  3 ball pythons
  10 bats
  3 frilled lizards
  4 kobolds
  5 rats
63 creatures vanquished.

Notes
Turn   | Place    | Note
-------+----------+-------------------------------------------
     0 | D:1      | HammerPanzer the Minotaur Gladiator began the quest for the Orb.
     0 | D:1      | Reached XP level 1. HP: 18/18 MP: 0/0
   151 | D:1      | Reached skill level 4 in Maces & Flails
   184 | D:1      | Reached XP level 2. HP: 18/25 MP: 1/1
   437 | D:1      | Found a shimmering altar of Xom.
   444 | D:1      | Reached XP level 3. HP: 29/30 MP: 2/2
   785 | D:2      | Found a radiant altar of Vehumet.
   785 | D:2      | Found a hide-covered altar of Uskayaw.
   985 | D:2      | Reached skill level 5 in Maces & Flails
   985 | D:2      | Reached skill level 1 in Armour
  1233 | D:2      | Reached XP level 4. HP: 15/37 MP: 3/3
  1856 | D:3      | Found a blossoming altar of Fedhas.
  1969 | D:3      | Noticed an ogre
  1983 | D:3      | Killed an ogre
  1983 | D:3      | Reached skill level 6 in Maces & Flails
  1983 | D:3      | Reached XP level 5. HP: 23/42 MP: 4/4
  2223 | D:3      | Quit the game

Skill      XL: |  1  2  3  4 |
---------------+-------------+-----
Maces & Flails | 4 5 6 |  6.4
Armour         | 1 2 |  2.5
Fighting       | |  2.4
Throwing       | |  2.0
Dodging        | |  3.8
Stealth        | |  0.1

Action                   |  1- 3 |  4- 6 || total
-------------------------+-------+-------++-------
Melee: Flail             |   104 |    45 ||   149
       Headbutt          |     9 |    10 ||    19
  Use: Scroll            |     2 |     2 ||     4
  Eat: Chunk             |     1 |     3 ||     4
Armor: Leather armour    |    16 |       ||    16
       Scale mail        |    27 |    24 ||    51
Dodge: Dodged            |    78 |    26 ||   104
